 Dungeon Crawl Stone Soup version 0.30-a0-738-g116ff8c4af (webtiles) character file.

Game seed: 4687616091464029184

1320 kiwi3s the Cleaver (level 8, 0/99 HPs)
             Began as a Minotaur Berserker on Feb 3, 2023.
             Was a Priest of Trog.
             Slain by a gnoll bouda
             ... wielding a +0 whip
              (5 damage)
             ... on level 7 of the Dungeon.
             The game lasted 00:04:18 (4282 turns).

kiwi3s the Cleaver (Minotaur Berserker)             Turns: 4282, Time: 00:04:19

Health: 0/99       AC: 14    Str: 22 (24) XL:     8   Next: 33%
Magic:  7/7        EV:  8    Int:  9 (10) God:    Trog [***...]
Gold:   290        SH:  0    Dex:  8 (10) Spells: 7/7 levels left

rFire   . . .      SeeInvis .    a - +0 hand axe
rCold   . . .      Faith    .    (no shield)
rNeg    . . .      Spirit   .    v - +1 chain mail
rPois   .          Reflect  .    (helmet restricted)
rElec   .          Harm     .    (no cloak)
rCorr   .          Rampage  .    F - +0 pair of gloves
Will    .....                    E - +2 pair of boots Stlth
                                 (no amulet)
HPRegen 0.36/turn                i - +6 ring of intelligence
MPRegen 0.10/turn                (no ring)

@: berserking (expiring), very quick
A: horns 2, retaliatory headbutt
a: Renounce Religion, Berserk, Trog's Hand


You were on level 7 of the Dungeon.
You worshipped Trog.
Trog was most pleased with you.
You visited 1 branch of the dungeon, and saw 8 of its levels.

You collected 290 gold pieces.

Inventory:

Hand Weapons
 a - a +0 hand axe (weapon)
Missiles
 t - 5 silver javelins (quivered)
 z - 2 boomerangs
Armour
 b - a +0 animal skin
 v - a +1 chain mail (worn)
 E - a +2 pair of boots (worn)
 F - a +0 pair of gloves (worn)
Jewellery
 f - a ring of ice
 i - a +6 ring of intelligence (left hand)
 x - the ring of Huick {Wiz Dex+3}
   (You found it on level 4 of the Dungeon)

   [ring of wizardry]

   It improves your spell success rate.
   Dex:       It affects your dexterity (+3).
Wands
 r - a wand of quicksilver (15)
 w - a wand of digging (3)
 y - a wand of charming (9)
 C - a wand of flame (29)
Scrolls
 c - 3 scrolls of identify {unknown}
 d - a scroll of amnesia
 g - a scroll of fear {unknown}
 m - 2 scrolls of poison {unknown}
 n - 2 scrolls of magic mapping {unknown}
 o - 2 scrolls of blinking {unknown}
 p - a scroll of fog
 q - a scroll of enchant weapon {unknown}
 u - a scroll of summoning {unknown}
 G - a scroll of teleportation {unknown}
Potions
 e - a potion of heal wounds {unknown}
 j - a potion of curing
 k - a potion of invisibility {unknown}
 l - 5 potions of attraction {unknown}
 s - 2 potions of degeneration
 A - a potion of brilliance {unknown}
 B - a potion of ambrosia {unknown}
 D - a potion of might {unknown}


   Skills:
 - Level 4.3 Fighting
 + Level 12.2 Axes
 - Level 2.8 Armour
 - Level 2.5 Dodging
 - Level 0.1 Stealth


You had 7 spell levels left.
You didn't know any spells.
Your spell library was empty.

Dungeon Overview and Level Annotations

Branches:
Dungeon (8/15)
 Temple: D:4-7         Lair: D:8-11

Altars:
Cheibriados
Gozag
Okawaru
The Shining One


Innate Abilities, Weirdness & Mutations

You have a pair of horns on your head.
You reflexively headbutt those who attack you in melee.


Message History

You hit the gnoll.
The gnoll hits you with a +1 heavy spear.
* * * LOW HITPOINT WARNING * * *
The gnoll hits you but does no damage. x2
Unknown command.
You are too injured to fight recklessly!
You slash the gnoll!
You kill the gnoll!
Trog accepts your kill.
You hit the gnoll.
You kill the gnoll!
Trog accepts your kill.
You hit the goblin. You hit the gnoll. The goblin hits you but does no damage.
The goblin barely misses you.
You are too injured to fight recklessly!
Unknown command.
You slice the gnoll!!
You kill the gnoll!
Trog accepts your kill.
You closely miss the goblin. You hit the gnoll bouda.
The gnoll bouda is lightly wounded.
You closely miss the gnoll. You slash the goblin!
You kill the goblin!
Trog accepts your kill.
The goblin hits you from afar with a +0 spear.
* * * LOW HITPOINT WARNING * * *
You slash the gnoll!
You kill the gnoll!
Trog accepts your kill.
You hit the gnoll bouda.
The gnoll bouda hits you but does no damage.
You barely miss the gnoll bouda.
The gnoll bouda is lightly wounded.
A goblin comes into view. It is wielding a +0 spear.
The goblin barely misses you.
You completely miss the gnoll bouda. You headbutt the gnoll bouda.
The gnoll bouda is moderately wounded.
The gnoll bouda hits you with a +0 whip.
You die...

....... .<
.........# #..
........... g.##
..........#.g..##
........#.#[g....
?......§#.#.....#
......§g§§§§.....
#....§g§§g§....#
#..>.§§@§#....#
##...§§§§# ..#
######### #


You could see a gnoll bouda and 2 goblins.

Vanquished Creatures
  A steam dragon (D:7)
  Eustachio (D:5)
  A water moccasin (D:5)
  A black bear (D:4)
  3 phantoms (D:4)
  A necrophage (D:5)
  A scorpion (D:5)
  A howler monkey (D:5)
  3 orc priests
  2 hounds (D:5)
  Terence (D:3)
  A scorpion zombie (D:4)
  3 hound zombies (D:4)
  2 hound skeletons (D:4)
  5 gnolls (D:7)
  8 adders
  A white imp (D:5)
  2 adder zombies (D:4)
  A worm (D:2)
  The ghost of Esekla the Sneak, a weakling OpDe (D:5)
  2 dart slugs
  12 orcs
  3 bats (D:2)
  6 endoplasms
  5 giant cockroaches
  8 goblins
  5 hobgoblins
  11 kobolds
  3 quokkas
  2 ball pythons
  3 frilled lizards
  A quokka skeleton (D:4)
  A quokka zombie (D:4)
  5 rats
107 creatures vanquished.

Vanquished Creatures (others)
  An orc (D:7)
  2 fungi (D:8)
  3 withered plants (D:4)
6 creatures vanquished.

Grand Total: 113 creatures vanquished

Notes
Turn   | Place    | Note
-------+----------+-------------------------------------------
     0 | D:1      | kiwi3s the Minotaur Berserker began the quest for the Orb.
     0 | D:1      | Reached XP level 1. HP: 19/19 MP: 0/0
   280 | D:1      | Found a faded altar of an unknown god.
   343 | D:1      | Reached skill level 4 in Axes
   343 | D:1      | Reached XP level 2. HP: 27/27 MP: 1/1
  1173 | D:2      | Reached XP level 3. HP: 11/33 MP: 2/2
  1173 | D:2      | Reached ** piety under Trog
  1711 | D:3      | Reached skill level 5 in Axes
  1711 | D:3      | Reached XP level 4. HP: 40/40 MP: 3/3
  1810 | D:3      | Found a snail-covered altar of Cheibriados.
  2001 | D:3      | Found an iron altar of Okawaru.
  2116 | D:3      | Noticed Terence
  2134 | D:3      | Killed Terence
  2135 | D:3      | Reached skill level 6 in Axes
  2135 | D:3      | Reached XP level 5. HP: 14/46 MP: 4/4
  2261 | D:4      | Noticed a black bear
  2268 | D:4      | Killed a black bear
  2269 | D:4      | Reached skill level 7 in Axes
  2320 | D:4      | Reached *** piety under Trog
  2407 | D:4      | Reached XP level 6. HP: 50/52 MP: 5/5
  2454 | D:4      | Reached skill level 8 in Axes
  2467 | D:4      | Identified the ring of Huick {Wiz Dex+3}
  2571 | D:4      | Reached skill level 9 in Axes
  2571 | D:4      | Reached XP level 7. HP: 54/59 MP: 6/6
  2805 | D:4      | Found a glowing golden altar of the Shining One.
  3021 | D:5      | Entered Level 5 of the Dungeon
  3317 | D:5      | Found a runed translucent gate.
  3319 | D:5      | Found a runed translucent gate.
  3319 | D:5      | Noticed Esekla's ghost (weakling OpDe)
  3320 | D:5      | Found a runed translucent gate.
  3362 | D:5      | Reached skill level 10 in Axes
  3531 | D:5      | Noticed Eustachio
  3543 | D:5      | Killed Eustachio
  3567 | D:5      | Reached skill level 11 in Axes
  3721 | D:5      | Found an opulent altar of Gozag.
  3960 | D:5      | Killed Esekla's ghost
  3968 | D:5      | Reached XP level 8. HP: 62/66 MP: 7/7
  4153 | D:6      | You fall into a shaft and drop 2 floors!
  4275 | D:7      | Reached skill level 12 in Axes
  4279 | D:7      | HP: 4/99 [goblin/+0 spear (2)]
  4282 | D:7      | Slain by a gnoll bouda

Illustrated notes

Levels and vault maps discovered:
D:1:      dpeg_arrival_castle, layout_loops_corners,
          hellmonk_ecumenical_altar_heavens_door, hangedman_glass_teeth,
          nrook_mini_backslash, nrook_campfire
D:2:      layout_basic
D:3:      layout_loops_cross, mainiacjoe_overflow_alcove_4,
          mainiacjoe_overflow_tiny_flanked, uniq_terence
D:4:      layout_loops_ring, tso_oasis_becter, serial_undead, serial_undead_a,
          serial_undead_f, serial_undead_b, serial_undead_d, serial_undead_f,
          serial_undead_b, serial_undead_c, serial_undead_c, serial_undead_c,
          serial_undead_e, minmay_misc_feat_cross, minmay_misc_feat_diagonals
D:5:      layout_loops_ring, kennysheep_mini_moat, gammafunk_ghost_split,
          uniq_eustachio
D:6:      layout_loops_corners, kennysheep_little_box,
          minmay_temple_entry_mini_moons, portal_sewer_entry_f
D:7:      layout_rooms, enter_bailey_5, nicolae_shop_self_help
D:8:      layout_basic, mainiacjoe_overflow_chevrons, gammafunk_ghost_hive,
          minmay_starry_boxes, uniq_grum

Skill      XL: |  1  2  3  4  5  6  7  8 |
---------------+-------------------------+-----
Axes           | 4 5 6 7 9 11 12 | 12.2
Fighting       | 4 |  4.3
Armour         | |  2.8
Dodging        | |  2.5
Stealth        | |  0.1

Action                     |  1- 3 |  4- 6 |  7- 9 || total
---------------------------+-------+-------+-------++-------
  Melee: Hand axe          |    73 |   104 |   112 ||   289
         Headbutt          |     9 |    19 |    14 ||    42
         Punch             |     1 |     1 |     1 ||     3
  Throw: Javelin           |       |       |     1 ||     1
 Invoke: Berserk           |     1 |     1 |     2 ||     4
    Use: Scroll            |       |       |     3 ||     3
         Potion            |       |       |     2 ||     2
   Stab: Sleeping          |     1 |       |       ||     1
 Armour: Animal skin       |     5 |     5 |       ||    10
         Chain mail        |       |    37 |    73 ||   110
  Dodge: Dodged            |    47 |    39 |    48 ||   134

Table legend: (Time is in decaauts)
 A = Elapsed time spent in this place.
 B = Non-inter-level travel time spent in this place.
 C = Inter-level travel time spent in this place.
 D = Time resting spent in this place.
 E = Time spent auto-exploring this place.
 F = Levels seen in this place.
 G = Mean time per level.
                   A        B        C        D        E       F      G
               +--------+--------+--------+--------+--------+-----+--------+
         Total |   4302 |   4046 |    256 |    361 |   3075 |   8 |  537.8 |
       Dungeon |   4302 |   4046 |    256 |    361 |   3075 |   8 |  537.8 |
               +--------+--------+--------+--------+--------+-----+--------+

Top non-repeatable levels by time:
     D:5: 1082 daAuts
     D:1: 957 daAuts
     D:4: 806 daAuts
     D:3: 679 daAuts
     D:2: 610 daAuts
     D:8: 94 daAuts
     D:6: 45 daAuts
     D:7: 25 daAuts
